 Dungeon Crawl Stone Soup version 0.21.1-1-g345015f (webtiles) character file.

4 tidbits the Charmwright (level 1, 17/20 HPs)
             Began as a Gnoll Skald on June 22, 2018.
             Quit the game on level 1 of the Dungeon.
             The game lasted 00:00:39 (66 turns).

tidbits the Charmwright (Gnoll Skald)                 Turns: 66, Time: 00:00:40

Health: 17/20      AC:  3    Str: 13    XL:     1   Next: 60%
Magic:  0/6        EV: 14    Int: 15    God:
Gold:   12         SH:  0    Dex: 14    Spells: 8/9 levels left

rFire    . . .     SeeInvis .   a - +0 hand axe
rCold    . . .     Gourm    .   (no shield)
rNeg     . . .     Faith    .   b - +0 leather armour
rPois    .         Spirit   +   (no helmet)
rElec    .         Reflect  .   (no cloak)
rCorr    .         Harm     .   (no gloves)
MR       .....                  (no boots)
Stlth    +.........             e - amulet of guardian spirit
HPRegen  0.06/turn              (no ring)
MPRegen  0.10/turn              (no ring)

@: no status effects
A: distributed training, fangs 1, strong nose
a: no special abilities


You were on level 1 of the Dungeon.
You were not hungry.

You visited 1 branch of the dungeon, and saw 1 of its levels.

You collected 12 gold pieces.

Inventory:

Hand Weapons
 a - a +0 hand axe (weapon)
Armour
 b - a +0 leather armour (worn)
Jewellery
 e - an amulet of guardian spirit (around neck)
   (You found it on level 1 of the Dungeon)
Books
 c - a book of Battle

   Spells                             Type                      Level
   a - Infusion                       Charms                       1
   b - Shroud of Golubria             Charms/Translocation         2
   c - Song of Slaying                Charms                       2
   d - Spectral Weapon                Hexes/Charms                 3
   e - Regeneration                   Charms/Necromancy            3
Comestibles
 d - 2 rations


   Skills:
 + Level 4.4 Fighting
 + Level 0.0 Short Blades
 + Level 0.0 Long Blades
 + Level 4.4 Axes
 + Level 0.0 Maces & Flails
 + Level 0.0 Polearms
 + Level 0.0 Staves
 + Level 0.0 Slings
 + Level 0.0 Bows
 + Level 0.0 Crossbows
 + Level 0.0 Throwing
 + Level 2.3 Armour
 + Level 4.4 Dodging
 + Level 0.0 Stealth
 + Level 0.0 Shields
 + Level 0.0 Unarmed Combat
 + Level 4.8 Spellcasting
 + Level 0.0 Conjurations
 + Level 0.0 Hexes
 + Level 5.3 Charms
 + Level 0.0 Summonings
 + Level 0.0 Necromancy
 + Level 0.0 Translocations
 + Level 0.0 Transmutations
 + Level 0.0 Fire Magic
 + Level 0.0 Ice Magic
 + Level 0.0 Air Magic
 + Level 0.0 Earth Magic
 + Level 0.0 Poison Magic
 + Level 0.1 Invocations
 + Level 0.0 Evocations


You had 8 spell levels left.
You knew the following spells:

 Your Spells              Type           Power        Failure   Level  Hunger
i - Infusion              Chrm           ###.         2%          1    None


Dungeon Overview and Level Annotations

Branches:
Dungeon (1/15)

Altars:


Innate Abilities, Weirdness & Mutations

Your experience applies equally to all skills.
You have very sharp teeth.
Your uncanny sense of smell can sniff out nearby items.


Message History

Welcome, tidbits the Gnoll Skald.
The bosom of this dungeon contains the fabled artefact, the Orb of Zot.
Press ? for a list of commands and other information.
Found a staircase leading out of the dungeon.
Unknown command.
You open the door.
A frilled lizard comes into view.
The frilled lizard hisses angrily.
Casting: Infusion
Confirm with . or Enter, or press ? or * to list all spells.
You begin infusing your attacks with magical energy.
You open the door.
Found 12 gold pieces.
You barely miss the frilled lizard.
You bite the frilled lizard, but do no damage.
The frilled lizard misses you.
You closely miss the frilled lizard. The frilled lizard closely misses you.
You slash the frilled lizard!
You kill the frilled lizard!
There is an open door here.
You see here 12 gold pieces.
You now have 12 gold pieces.
There is an open door here.
There is an open door here.
You open the door.
A giant cockroach and a hobgoblin come into view.
The hobgoblin shouts!
Found a ration.
There is an open door here.
Unknown command.
You completely miss the hobgoblin. The hobgoblin misses you.
You hit the hobgoblin.
The hobgoblin is almost dead.
The hobgoblin hits you.
You hit the hobgoblin.
You kill the hobgoblin!
The giant cockroach bites you.
You hit the giant cockroach.
The giant cockroach is almost dead.
The giant cockroach bites you but does no damage.
You hit the giant cockroach.
You kill the giant cockroach!
You open the door.
A bat comes into view.
The bat misses you.
You barely miss the bat. The bat misses you. The bat misses you.
There is an open door here.
The bat hits you but does no damage.
You barely miss the bat. The bat misses you.
You miss the bat.
Your magical infusion is running out.
The bat misses you. x2
The bat hits you but does no damage.
You see here a ration.
You completely miss the bat. You bite the bat.
The bat is moderately wounded.
The bat misses you.
You completely miss the bat. You bite the bat, but do no damage.
The bat is moderately wounded.
The bat hits you but does no damage.
d - 2 rations (gained 1)
The bat misses you.
You completely miss the bat.
The bat is moderately wounded.
You are no longer magically infusing your attacks.
The bat completely misses you.
Casting: Infusion
Confirm with . or Enter, or press ? or * to list all spells.
You begin infusing your attacks with magical energy.
The bat hits you but does no damage. The bat hits you but does no damage.
You hit the bat.
You kill the bat!
You open the door.
There is an open door here.
Your magical infusion is running out.
You open the door.
There is an open door here.
Found a thin fluorescent amulet.
You are no longer magically infusing your attacks.
Found a scroll labeled APPUWIWK KOFIJ.
You see here a thin fluorescent amulet.
e - a thin fluorescent amulet Put on which piece of jewellery? (? for menu, Esc to quit)
You feel your power drawn to a protective spirit.
e - an amulet of guardian spirit (around neck) Are you sure you want to abandon this character and quit the game? (Confirm with "yes".)

.# #.+ #.# #.#
## #.# . #.#.#
########.#.####
.......@......#
.###.###.#.##?#
##....#
#.....##.##
##.........
##.###### ∆ #.#
#.# #.# ...
##'##


There were no monsters in sight!

Vanquished Creatures
  A giant cockroach (D:1)
  A hobgoblin (D:1)
  A bat (D:1)
  A frilled lizard (D:1)
4 creatures vanquished.

Notes
Turn   | Place    | Note
-------+----------+-------------------------------------------
     0 | D:1      | tidbits the Gnoll Skald began the quest for the Orb.
     0 | D:1      | Reached XP level 1. HP: 20/20 MP: 6/6
    66 | D:1      | Quit the game

Action                   || total
-------------------------++-------
Melee: Hand axe          ||    15
       Bite              ||     3
 Cast: Infusion          ||     2
Armor: Leather armour    ||     6
Dodge: Dodged            ||    12

Table legend:
 A = Turns spent in this place as a percentage of turns spent in the entire game.
 B = Non-inter-level travel turns spent in this place as a percentage of non-inter-level travel turns spent in the entire game.
 C = Inter-level travel turns spent in this place as a percentage of turns spent in this place.
 D = Turns resting spent in this place as a percentage of non-inter-level travel turns spent in this place.
 E = Turns spent auto-exploring this place as a percentage of non-inter-level travel turns spent in this place.
 F = Non-inter-level travel turns spent in this place divided by the number of levels of this place that you've seen.
                   A       B       C       D       E      F
               +-------+-------+-------+-------+-------+----------------------
         Total | 100.0 | 100.0 |   0.0 |   0.0 |   0.0 |  66.0
       Dungeon | 100.0 | 100.0 |   0.0 |   0.0 |   0.0 |  66.0
               +-------+-------+-------+-------+-------+----------------------

Table legend:
 A = Kills in this place as a percentage of kills in entire the game.
 B = Kills by you in this place as a percentage of kills by you in the entire game.
 C = Kills by friends in this place as a percentage of kills by friends in the entire game.
 D = Other kills in this place as a percentage of other kills in the entire game.
 E = Experience gained in this place as a percentage of experience gained in the entire game.
 F = Experience gained in this place divided by the number of levels of this place that you have seen.
                   A       B       C       D       E      F
               +-------+-------+-------+-------+-------+----------------------
         Total | 100.0 | 100.0 |   N/A |   N/A | 100.0 |   6.0
       Dungeon | 100.0 | 100.0 |   N/A |   N/A | 100.0 |   6.0
               +-------+-------+-------+-------+-------+----------------------

Vault maps used:
D:1:      onia_arrival_larder, dk_noncrumbling_2
